 Dungeon Crawl Stone Soup version 0.29-a0-222-g5b244fca1f (webtiles) character file.

Game seed: 12073145000970130320

4192 Ajdolov the Basher (level 10, 0/84 HPs)
             Began as a Palentonga Monk on Feb 27, 2022.
             Slain by an orc warrior
             ... wielding a +0 glaive
              (9 damage)
             ... on level 8 of the Dungeon.
             The game lasted 00:19:26 (8719 turns).

Ajdolov the Basher (Palentonga Monk)                Turns: 8719, Time: 00:19:27

Health: 0/84       AC: 23    Str: 18    XL:     10   Next: 8%
Magic:  3/3        EV:  8    Int: 11    God:
Gold:   141        SH:  5    Dex: 13    Spells: 9/9 levels left

rFire   . . .      SeeInvis +   f - +2 whip (antimagic)
rCold   + . .      Faith    .   p - +0 buckler
rNeg    . . .      Spirit   .   w - +3 scale mail "Jevanup" {Fly Regen+}
rPois   .          Reflect  .   u - +0 helmet
rElec   .          Harm     .   (no cloak)
rCorr   .          Rampage  .   C - +1 Delatra's gloves {ID++}
Will    .....                   (no barding)
Stlth   ..........              (no amulet)
HPRegen 1.04/turn               c - ring of protection from cold
MPRegen 0.08/turn               m - +4 ring of protection

@: flying, slowed, curled up, very slow
A: large, rugged brown scales 3, see invisible, deformed body, roll 1, armoured
tail, reflexive curl
a: Rolling Charge


You were on level 8 of the Dungeon.
You visited 2 branches of the dungeon, and saw 9 of its levels.

You collected 456 gold pieces.
You spent 315 gold pieces at shops.

Inventory:

Hand Weapons
 a - a +0 mace
 f - a +2 antimagic whip (weapon)
Missiles
 o - 11 poisoned darts
Armour
 p - a +0 buckler (worn)
 u - a +0 helmet (worn)
 w - the +3 scale mail "Jevanup" (worn) {Fly Regen+}
   (You bought it in a shop on level 3 of the Dungeon)

   Fly:       It grants you flight.
   Regen:     It increases your rate of health regeneration.
 C - the +1 Delatra's gloves (worn) {ID++}
   (You found it on level 6 of the Dungeon)

   It heals its wearer when they drink unknown potions.
   It restores its wearer's MP when they read unknown scrolls.
Jewellery
 c - a ring of protection from cold (left hand)
 m - a +4 ring of protection (right hand)
 A - a +6 ring of dexterity
 E - a ring of flight
Wands
 r - a wand of flame (29)
 s - a wand of acid (13)
 B - a wand of iceblast (13)
 D - a wand of mindburst (15)
 F - a wand of paralysis (15)
Scrolls
 d - 2 scrolls of noise {unknown}
 h - 2 scrolls of fog {unknown}
 j - 3 scrolls of enchant armour {unknown}
 k - 10 scrolls of identify {unknown}
 n - 2 scrolls of immolation {unknown}
 q - 3 scrolls of blinking {unknown}
 t - 2 scrolls of amnesia {unknown}
 v - 3 scrolls of teleportation {unknown}
 y - a scroll of vulnerability {unknown}
 z - a scroll of brand weapon {unknown}
Potions
 b - a potion of degeneration {unknown}
 e - 2 potions of curing
 g - 2 potions of ambrosia {unknown}
 i - a potion of might {unknown}
 l - a potion of lignification {unknown}
 x - a potion of resistance {unknown}
 G - 2 potions of mutation {unknown}
 H - a potion of attraction {unknown}
 I - a potion of heal wounds {unknown}


   Skills:
 * Level 7.0 Fighting
 - Level 12.3 Maces & Flails
 * Level 1.2 Armour
 - Level 2.4 Dodging
 - Level 1.2 Stealth
 - Level 4.0 Shields


You had 9 spell levels left.
You didn't know any spells.
Your spell library contained the following spells:

 Spells                   Type           Power      Damage    Failure   Level
 Animate Skeleton         Necr           0%         N/A       82%         1
 Beastly Appendage        Tmut           0%         N/A       82%         1
 Pain                     Necr           0%         1d4       82%         1
 Wereblood                Tmut           0%         N/A       91%         2
 Frozen Ramparts          Ice            0%         1d2       99%         3
 Spider Form              Tmut/Pois      0%         N/A       99%         3
 Vampiric Draining        Necr           0%         2d6       99%         3
 Ice Form                 Ice/Tmut       0%         N/A       100%        4
 Summon Ice Beast         Ice/Summ       0%         N/A       100%        4


Dungeon Overview and Level Annotations

Branches:
Dungeon (8/15)             Temple (1/1) D:7
   Lair: D:8-11

Altars:
Ashenzari
Cheibriados
Dithmenos
Elyvilon
Fedhas
Gozag
Hepliaklqana
Makhleb
Nemelex Xobeh
Okawaru
Sif Muna
Trog
Vehumet
Wu Jian
Yredelemnul
Zin
The Shining One

Shops:
D:3 (*(   D:8 (

Annotations:
D:8 exclusion: door


Innate Abilities, Weirdness & Mutations

You are completely covered in rugged brown scales. (AC +3, +7% HP)
You have supernaturally acute eyesight. (SInv)
Armour fits poorly on your strangely shaped body.
You can roll at nearby foes to attack.
You have a long armoured tail.
You curl defensively after being hit. (AC +7*)


Message History

The orc warrior barely misses you.
The hornet stings you but does no damage.
The orc warrior closely misses you.
Unknown command.
Aiming: Paralyse
Press: ? - help, Shift-Dir - straight line, f/p - black bear
Aim: a black bear (moderately wounded, covered in acid, chance to affect: 49%)
The hornet resists with some effort.
The hornet barely misses you. The hornet stings you.
You feel as though you will be slow longer.
The orc warrior misses you.
Aiming: Paralyse
Press: ? - help, Shift-Dir - straight line, f/p - black bear
Aim: a black bear (moderately wounded, covered in acid, chance to affect: 49%)
The hornet resists with some effort.
The hornet is no longer covered in acid.
The hornet stings you.
* * * LOW HITPOINT WARNING * * *
You suddenly lose the ability to move!
The orc warrior hits you but does no damage.
The hornet stings you but does no damage.
The orc warrior hits you from afar with a +0 glaive.
* * * LOW HITPOINT WARNING * * *
The hornet stings you but does no damage.
The hornet stings you.
* * * LOW HITPOINT WARNING * * *
You feel as though you will be slow longer.
The orc warrior hits you from afar with a +0 glaive!
* * * LOW HITPOINT WARNING * * *
The hornet stings you but does no damage.
The orc warrior hits you from afar with a +0 glaive.
* * * LOW HITPOINT WARNING * * *
The hornet stings you but does no damage.
You can move again.
Aiming: Paralyse
Press: ? - help, Shift-Dir - straight line, f/p - black bear
Aim: a black bear (moderately wounded, covered in acid, chance to affect: 49%)
The hornet suddenly stops moving!
The orc warrior hits you from afar with a +0 glaive!
You die...

....................#....#.#...
...........######+###....#.....
...........##............#....<
...##......##...........##.....
.. #................#..#......
. ######....h......##.#.#...≈
#####o########.#.##.#≈ #y#
#.#.#.#...≈ #@# #.#.#.##..≈ #.#
#.#.#.###.≈ ##.######...#..##.#
##..).......#..##.#
#########.......##[. .....###
##......###. ####.#
###########. #. #..####..... #.
#...........


You could see a hornet (paralysed), an orc warrior (corroded) and a black bear
(corroded).

Vanquished Creatures
  A two-headed ogre (D:8)
  A shadow (D:8)
  A yak (D:7)
  A steam dragon (D:8)
  Menkaure (D:6)
  Duvessa (D:6)
  A water moccasin (D:6)
  2 orc warriors (D:6)
  3 black bears
  An ice beast (D:6)
  2 sky beasts
  A centaur (D:6)
  2 necrophages (D:6)
  An ogre (D:5)
  3 phantoms
  A kobold brigand (D:7)
  2 bullfrogs (D:6)
  A scorpion (D:4)
  Dowan (D:6)
  4 wights
  A howler monkey (D:5)
  An electric eel (D:8)
  6 orc priests
  3 hounds
  A jelly (D:7)
  5 iguanas
  12 orc wizards
  Robin (D:4)
  13 adders
  A shadow imp (D:7)
  A white imp (D:6)
  2 ufetubi
  A worm (D:2)
  2 dart slugs
  41 orcs
  10 ball pythons
  8 endoplasms
  4 giant cockroaches
  17 goblins
  11 hobgoblins
  A jackal (D:3)
  6 quokkas
  9 bats
  A frilled lizard (D:1)
  11 kobolds
  7 rats
207 creatures vanquished.

Vanquished Creatures (others)
  A hobgoblin (D:4)
  A plant (D:3)
2 creatures vanquished.

Grand Total: 209 creatures vanquished

Notes
Turn   | Place    | Note
-------+----------+-------------------------------------------
     0 | D:1      | Ajdolov the Palentonga Monk began the quest for the Orb.
     0 | D:1      | Reached XP level 1. HP: 19/19 MP: 1/1
   108 | D:1      | Reached XP level 2. HP: 7/25 MP: 2/2
   330 | D:1      | Found a faded altar of an unknown god.
   882 | D:1      | Reached skill level 4 in Maces & Flails
  1108 | D:2      | Reached XP level 3. HP: 25/31 MP: 1/3
  1769 | D:3      | Reached skill level 5 in Maces & Flails
  1769 | D:3      | Reached XP level 4. HP: 34/37 MP: 1/4
  2107 | D:3      | Found Gokeuv's Assorted Antiques.
  2186 | D:3      | Found Dittusaj's Antique Weapon Shoppe.
  2215 | D:3      | Found a hazy altar of Hepliaklqana.
  2220 | D:3      | Found an opulent altar of Gozag.
  2335 | D:3      | Found Coesm's Antique Weapon Boutique.
  2416 | D:3      | Found an ornate altar of the Wu Jian Council.
  2635 | D:4      | Noticed a scorpion
  2642 | D:4      | Killed a scorpion
  2643 | D:4      | Reached XP level 5. HP: 32/43 MP: 1/5
  2644 | D:4      | Noticed a phantom
  2808 | D:3      | Killed a phantom
  2809 | D:3      | Reached skill level 6 in Maces & Flails
  2809 | D:3      | Reached skill level 1 in Shields
  2831 | D:4      | Reached XP level 6. HP: 37/50 MP: 2/6
  3447 | D:4      | Noticed Robin
  3711 | D:4      | Killed Robin
  3974 | D:5      | Entered Level 5 of the Dungeon
  3996 | D:5      | Reached skill level 7 in Maces & Flails
  4678 | D:5      | Gained mutation: You curl defensively after being hit. (AC
                  | +7*) [Palentonga growth]
  4678 | D:5      | Reached XP level 7. HP: 16/55 MP: 2/7
  5078 | D:3      | Bought a brightly glowing scale mail for 225 gold pieces
  5078 | D:3      | Identified the +3 scale mail "Jevanup" {Fly Regen+} (You
                  | bought it in a shop on level 3 of the Dungeon)
  5157 | D:5      | Found a snail-covered altar of Cheibriados.
  5233 | D:5      | Identified the -5 pair of boots of Dera {-Cast rN++ rCorr}
  5530 | D:5      | Reached skill level 8 in Maces & Flails
  5643 | D:5      | Found a shadowy altar of Dithmenos.
  5664 | D:5      | Found a hazy altar of Hepliaklqana.
  5838 | D:6      | Reached XP level 8. HP: 62/62 MP: 2/8
  5873 | D:6      | Reached skill level 9 in Maces & Flails
  6204 | D:6      | Noticed Duvessa
  6205 | D:6      | Noticed Dowan
  6305 | D:6      | Killed Duvessa
  6319 | D:6      | Killed Dowan
  6359 | D:6      | Reached skill level 10 in Maces & Flails
  6425 | D:6      | Found the +1 Delatra's gloves {ID++}
  6502 | D:6      | Reached XP level 9. HP: 70/70 MP: 3/9
  6663 | D:6      | Noticed Menkaure
  6675 | D:6      | Killed Menkaure
  6676 | D:6      | Reached skill level 5 in Fighting
  6788 | D:6      | Found a snail-covered altar of Cheibriados.
  7094 | D:7      | Found Zin's Purification Station.
  7095 | D:7      | Found a glowing silver altar of Zin.
  7101 | D:7      | Bought a potion of curing for 90 gold pieces
  7153 | D:7      | Reached skill level 11 in Maces & Flails
  7304 | D:7      | Found a blossoming altar of Fedhas.
  7588 | D:7      | Found a staircase to the Ecumenical Temple.
  7598 | Temple   | Entered the Ecumenical Temple
  7987 | D:8      | Noticed a death yak
  8008 | D:8      | Noticed a death yak
  8031 | D:8      | Noticed a death yak
  8166 | D:8      | Found Ulaedaeca's Weapon Shop.
  8197 | D:8      | Noticed a two-headed ogre
  8303 | D:8      | Killed a two-headed ogre
  8304 | D:8      | Reached skill level 12 in Maces & Flails
  8507 | D:8      | Reached XP level 10. HP: 36/82 MP: 3/10
  8605 | D:8      | Reached skill level 1 in Armour
  8670 | D:8      | Found a radiant altar of Vehumet.
  8716 | D:8      | Paralysed by a hornet for 3 turns
  8719 | D:8      | Slain by an orc warrior

Illustrated notes

Levels and vault maps discovered:
D:1:      dpeg_arrival_yet_another_circle, layout_rooms,
          ebering_ecumenical_altar_box
D:2:      layout_basic
D:3:      layout_basic, mainiacjoe_overflow_big_doors,
          nicolae_wu_jian_immortal_techniques, serial_shops,
          nicolae_shop_overgrown_old_shop, nicolae_diamond_shop, shop,
          minmay_mini_jars
D:4:      layout_cave_pools, uniq_robin
D:5:      layout_basic, grunt_dithmenos_smoke, hangedman_feature_mirror
D:6:      layout_basic, lemuel_tele_altar, uniq_menkaure, uniq_duvessa
D:7:      layout_basic, mainiacjoe_overflow_six_doors_small, zin_purify,
          minmay_temple_entry_waves
D:8:      layout_basic, mainiacjoe_overflow_cross_hatched, dpeg_lair_monsters,
          gammafunk_ghost_ooze, serial_co_window_serial, co_window_paths_a,
          co_window_corner_a, co_window_of_opportunity_a, co_window_corner_a,
          co_window_paths_a, co_window_corner_b, co_window_of_opportunity_b,
          co_window_2corner, co_window_broadway_b, glass_columns_a,
          glass_columns_a, glass_columns_b, glass_columns_a, serial_shops,
          kennysheep_mini_moat, grunt_decor_cap, uniq_maurice, uniq_erica
Temple:   nicolae_temple_figure_zero

Skill      XL: |  1  2  3  4  5  6  7  8  9 10 |
---------------+-------------------------------+-----
Maces & Flails | 4 5 6 7 8 10 12 | 12.3
Shields        | 1 2 3 4 |  4.0
Fighting       | 4 6 7 |  7.0
Armour         | 1 |  1.2
Dodging        | |  2.4
Stealth        | |  1.2

Action                   |  1- 3 |  4- 6 |  7- 9 | 10-12 || total
-------------------------+-------+-------+-------+-------++-------
Melee: Mace              |    22 |       |       |       ||    22
       Tailslap          |     9 |    33 |    86 |     9 ||   137
       Whip              |    80 |   277 |   585 |    48 ||   990
Throw: Dart              |       |       |     2 |       ||     2
 Abil: Rolling Charge    |     8 |     8 |    33 |     2 ||    51
Evoke: Wand              |       |       |     2 |     5 ||     7
  Use: Potion            |       |       |       |     1 ||     1
 Stab: Distracted        |     1 |       |       |       ||     1
       Sleeping          |       |     1 |       |       ||     1
Armor: Robe              |    36 |   130 |    17 |       ||   183
       Scale mail        |       |       |   210 |    16 ||   226
Dodge: Dodged            |    55 |   137 |   131 |    13 ||   336
Block: Buckler           |       |    26 |    90 |     8 ||   124

Table legend: (Time is in decaauts)
 A = Elapsed time spent in this place.
 B = Non-inter-level travel time spent in this place.
 C = Inter-level travel time spent in this place.
 D = Time resting spent in this place.
 E = Time spent auto-exploring this place.
 F = Levels seen in this place.
 G = Mean time per level.
                   A        B        C        D        E       F      G
               +--------+--------+--------+--------+--------+-----+--------+
         Total |   8466 |   7931 |    535 |   1191 |   4593 |   9 |  940.7 |
       Dungeon |   8342 |   7816 |    526 |   1191 |   4480 |   8 | 1042.8 |
        Temple |    123 |    114 |      9 |      0 |    113 |   1 |  123.0 |
               +--------+--------+--------+--------+--------+-----+--------+

Top non-repeatable levels by time:
     D:4: 1384 daAuts
     D:3: 1325 daAuts
     D:6: 1251 daAuts
     D:5: 1245 daAuts
     D:1: 1014 daAuts
     D:7: 772 daAuts
     D:2: 708 daAuts
     D:8: 640 daAuts
  Temple: 123 daAuts
